 Dungeon Crawl Stone Soup version 0.18-a0-25-g5abf10f (webtiles) character file.

167054 Demise101 the Executioner (level 17, -3/160 HPs)
             Began as a Minotaur Berserker on Nov 3, 2015.
             Was a High Priest of Trog.
             Shot with a bolt by a naga sharpshooter (6 damage)
             ... while paralysed
             ... on level 4 of the Snake Pit.
             The game lasted 00:25:15 (30423 turns).

Demise101 the Executioner (Minotaur Berserker)     Turns: 30423, Time: 00:25:15

Health: -3/160     AC: 29    Str: 28    XL:     17   Next: 30%
Magic:  16/16      EV:  2    Int:  5    God:    Trog [*****.]
Gold:   1407       SH:  0    Dex: 13    Spells: 0 memorised, 16 levels left

rFire  . . .     SeeInvis +     r - +6 battleaxe (drain)
rCold  . . .     Clarity  .     S - +1 plate armour
rNeg   + . .     SustAt   .     (shield currently unavailable)
rPois  .         Gourm    .     (helmet restricted)
rElec  .         Spirit   .     b - +2 cloak
rCorr  .         Warding  .     (no gloves)
rMut   .         Stasis   .     (no boots)
MR     ++...                    p - amulet of the Firefly {rN+ Regen+}
Stlth  ..........               w - +3 ring of protection
                                t - ring "Myraox" {*Drain MR+ Str+4}

@: paralysed, lethally poisoned (-3 -> -22), exhausted, slowed, very resistant
to hostile enchantments, extremely unstealthy
A: retaliatory headbutt, horns 2, rough black scales 1, see invisible, mutation
resistance 1
a: Berserk, Trog's Hand, Brothers in Arms, Burn Spellbooks, Renounce Religion


You were on level 4 of the Snake Pit.
You worshipped Trog.
Trog was extremely pleased with you.
You were very full.

You visited 3 branches of the dungeon, and saw 27 of its levels.

You collected 1827 gold pieces.
You spent 420 gold pieces at shops.

Inventory:

Hand Weapons
 a - a +6 hand axe of electrocution
 r - a +6 battleaxe of draining (weapon)
 C - a +2 executioner's axe of freezing
Armour
 b - a +2 cloak (worn)
 S - a +1 plate armour (worn)
Jewellery
 p - the amulet of the Firefly (around neck) {rN+ Regen+}
   (You took it off an orc on level 10 of the Dungeon)

   [amulet of regeneration]

   It protects you from negative energy.
   It increases your rate of regeneration.
 t - the ring "Myraox" (left hand) {*Drain MR+ Str+4}
   (You found it on level 8 of the Lair of Beasts)

   [ring of protection from magic]

   It affects your strength (+4).
   It affects your resistance to hostile enchantments.
   It causes draining when unequipped.
 w - a +3 ring of protection (right hand)
 D - an uncursed ring of protection from cold
Wands
 m - a wand of heal wounds (7)
 K - a wand of disintegration (10)
 L - a wand of teleportation (3)
 V - a wand of digging (13)
 Y - a wand of lightning (3)
Scrolls
 c - a scroll of silence
 f - 6 scrolls of magic mapping
 i - 5 scrolls of fog
 u - a scroll of summoning
 x - a scroll of blinking
 y - 4 scrolls of fear
 H - 10 scrolls of remove curse
Potions
 d - 16 potions of curing
 e - 4 potions of haste
 j - 2 potions of cure mutation {!q}
 k - 6 potions of flight
 l - a potion of heal wounds {unknown}
 o - 2 potions of berserk rage
 q - a potion of resistance {unknown}
 v - 7 potions of might
 z - a potion of agility
 E - a potion of mutation {unknown}
 G - 2 potions of cancellation
 J - 3 potions of brilliance
 M - 4 potions of lignification
 R - 2 potions of ambrosia
 U - 2 potions of magic {unknown}
 Z - 2 potions of invisibility
Miscellaneous
 X - a lamp of fire (inert)
Comestibles
 g - 10 meat rations
 h - 11 slices of pizza
 s - 9 beef jerkies
 A - 2 bread rations
 F - 31 fruits
 P - 3 royal jellies


   Skills:
 + Level 16.7 Fighting
 * Level 22.4 Axes
 + Level 16.7 Armour
 + Level 13.9 Dodging
 - Level 3.0 Unarmed Combat


You had 16 spell levels left.
You didn't know any spells.

Dungeon Overview and Level Annotations

Branches:
Dungeon (15/15)            Temple (0/1) D:5            Lair (8/8) D:9
 Shoals (0/4) Lair:4        Snake (4/4) Lair:6        Slime (0/6) Lair:7
    Orc (0/4) D:10         Vaults (0/5) D:13         Depths (0/5) D:15

Altars:
Ashenzari
Cheibriados
Dithmenos
Gozag
Kikubaaqudgha
Makhleb
Nemelex Xobeh
Okawaru
Ru
Sif Muna
Trog
Vehumet
Xom
Zin
The Shining One
Jiyva

Shops:
D:5 ((   D:6 (   Snake:2 =

Annotations:
D:2 Crazy Yiuf
D:13 Sonja
D:15 exclusion: Roxanne, Roxanne


Innate Abilities, Weirdness & Mutations

You reflexively headbutt those who attack you in melee.
You have a pair of horns on your head.
You are partially covered in rough black scales (AC +4, Dex -1).
You have supernaturally acute eyesight.
You are somewhat resistant to further mutation.


Message History

The bolt burns you.
* * * LOW HITPOINT WARNING * * *
* * * LOW HITPOINT WARNING * * *
You feel very sick.
Your iron troll bites the naga sharpshooter.
Your iron troll claws the naga sharpshooter! x2
The naga sharpshooter spits poison at you.
The splash of poison hits your iron troll.
Your iron troll is poisoned.
* * * LOW HITPOINT WARNING * * *
You feel very sick.
Your iron troll bites the naga sharpshooter!
Your iron troll claws the naga sharpshooter!! x2
The naga sharpshooter dies!
Trog accepts your kill.
Trog appreciates your killing of a magic user.
The naga sharpshooter casts a spell.
The naga sharpshooter magically shoots a bolt.
The bolt hits you.
You die...

......# #....#.
......#######.....
................#.
##... .####.....###
#..##### #...#....
#......####...#....
##()......##.......
#)......†.........
#@)..#...)......#.
#E......)......###
###().##...######
#)(§[N........#
#.§N.)........#
#....T........#
.N.....#)NN..#..#
NN.#.....NN......#
..N..##..#........##


You could see a naga warrior, a greater naga, a naga sharpshooter, 2 naga magi,
a naga, a friendly iron troll (berserk) and a friendly fire elemental.

Vanquished Creatures
  Vashnia (Snake:2)
  Rupert (D:15)
  Agnes (D:15)
  Kirke (Lair:4)
  4 greater nagas
  Louise (Snake:1)
  A dire elephant (D:15)
  3 vault guards (D:13)
  Josephine (Lair:7)
  12 naga warriors
  7 hydras
  5 centaur warriors
  6 death yaks (Lair:6)
  A catoblepas (Lair:3)
  5 anacondas
  An ogre mage (D:15)
  8 naga sharpshooters
  9 shock serpents
  4 skeletal warriors (D:15)
  A salamander mystic (Snake:2)
  4 naga ritualists
  3 hill giants
  2 unseen horrors
  A wolf spider (D:15)
  15 salamanders
  2 griffons
  8 mana vipers
  A manticore (D:15)
  2 cyclopes
  4 ugly things (D:14)
  8 centaur zombies
  4 guardian serpents
  35 black mambas
  6 elephants (Lair:6)
  19 naga magi
  A gargoyle (D:12)
  A yaktaur (D:13)
  23 spiny frogs
  2 efreet (D:15)
  15 komodo dragons
  8 fire drakes
  A freezing wraith (D:15)
  17 blink frogs
  2 harpy zombies (D:15)
  4 giant leeches (Lair:8)
  A polar bear (Lair:5)
  2 tengu conjurers
  8 trolls
  A trapdoor spider zombie (D:9)
  5 two-headed ogres
  5 slime creatures (D:12)
  A boulder beetle (Lair:6)
  5 wyverns
  3 wraiths (Lair:7)
  2 deep elf magi
  Sigmund (D:2)
  2 shadows (D:13)
  48 yaks
  2 trapdoor spiders (D:15)
  A steam dragon (D:10)
  5 vampire mosquitoes (Lair:8)
  A vampire (D:14)
  4 hogs (Lair:5)
  12 hippogriffs
  2 humans
  4 basilisks
  7 wolves
  A soldier ant (D:15)
  40 nagas
  Duvessa (D:5)
  4 ice beasts
  11 orc warriors
  12 water moccasins
  A necrophage (D:12)
  A swamp drake (D:10)
  A wasp (D:12)
  A phantom (D:5)
  5 black bears
  7 porcupines
  3 sky beasts
  13 ogres
  15 crocodiles
  9 centaurs
  24 giant frogs
  2 wyvern zombies
  Dowan (D:5)
  4 big kobolds
  5 scorpions
  12 killer bees
  3 electric eels
  9 orc priests
  13 crimson imps
  11 jellies
  4 giant frog zombies
  5 hell rats (Lair:3)
  A giant frog skeleton (D:4)
  3 centaur skeletons
  6 hounds
  Terence (D:2)
  16 iguanas
  27 orc wizards
  4 worker ants
  36 sheep
  2 hound zombies
  8 gnolls
  2 worker ant zombies
  13 adders
  6 shadow imps
  33 river rats
  An ooze (D:3)
  2 adder skeletons
  2 worms
  12 giant geckos
  57 orcs
  3 bat skeletons (D:8)
  2 bat zombies (D:8)
  9 goblins
  12 hobgoblins
  31 kobolds
  5 quokkas
  2 ball pythons
  6 bats (D:2)
  6 giant cockroaches
  A giant gecko skeleton (D:9)
  3 giant newts
  7 jackals
  3 rats
  6 fungi
  5 plants
934 creatures vanquished.

Vanquished Creatures (collateral kills)
  A greater naga (Snake:4)
  Aizul (Snake:1)
  An ogre mage (D:13)
  A vault guard (D:13)
  2 naga warriors (Snake:4)
  6 hydras
  The ghost of edsrzf the Grappler, a novice TrHu of Okawaru (Lair:1)
  4 naga sharpshooters
  A skeletal warrior (D:15)
  An orc knight (D:13)
  A black mamba (Snake:2)
  2 naga magi
  A komodo dragon (Lair:8)
  A blink frog (Lair:8)
  3 yaks
  A hippogriff (Lair:4)
  3 nagas
  3 giant frogs (Lair:8)
  A killer bee (D:9)
  An electric eel (Lair:8)
36 creatures vanquished.

Vanquished Creatures (others)
  An orc wizard (D:8)
  4 orcs (D:8)
  16 fungi
  11 plants
32 creatures vanquished.

Grand Total: 1002 creatures vanquished

Notes
Turn   | Place    | Note
--------------------------------------------------------------
     0 | D:1      | Demise101 the Minotaur Berserker began the quest for the Orb.
     0 | D:1      | Reached XP level 1. HP: 19/19 MP: 0/0
   234 | D:1      | Reached XP level 2. HP: 14/27 MP: 1/1
   237 | D:1      | Reached skill level 4 in Axes
   784 | D:1      | Reached XP level 3. HP: 11/33 MP: 2/2
  1106 | D:2      | Reached ** piety under Trog
  1147 | D:2      | Found an opulent altar of Gozag.
  1182 | D:2      | Noticed Sigmund
  1187 | D:2      | Killed Sigmund
  1187 | D:2      | Reached skill level 5 in Fighting
  1187 | D:2      | Reached skill level 5 in Axes
  1187 | D:2      | Reached XP level 4. HP: 35/42 MP: 3/3
  1187 | D:2      | Reached XP level 5. HP: 40/48 MP: 4/4
  1237 | D:2      | Noticed Crazy Yiuf
  1240 | D:2      | Paralysed by Crazy Yiuf for 6 turns
  1505 | D:2      | Noticed Terence
  1513 | D:2      | Killed Terence
  2091 | D:3      | Reached XP level 6. HP: 54/56 MP: 5/5
  2144 | D:3      | Reached skill level 6 in Axes
  2314 | D:4      | Reached *** piety under Trog
  2426 | D:4      | Reached skill level 5 in Armour
  2771 | D:4      | Reached XP level 7. HP: 44/62 MP: 6/6
  2859 | D:5      | Entered Level 5 of the Dungeon
  2866 | D:5      | Reached skill level 7 in Axes
  2907 | D:5      | Noticed Dowan
  2908 | D:5      | Noticed Duvessa
  2919 | D:5      | Killed Duvessa
  2920 | D:5      | Killed Dowan
  3159 | D:5      | Reached skill level 8 in Axes
  3179 | D:5      | Reached XP level 8. HP: 63/71 MP: 7/7
  3248 | D:5      | Found Ebloy's Antique Weapon Emporium.
  3265 | D:5      | Found a staircase to the Ecumenical Temple.
  3430 | D:5      | Found Heaqezoc's Weapon Shop.
  3467 | D:5      | Reached **** piety under Trog
  3541 | D:6      | Reached skill level 9 in Axes
  3621 | D:6      | Found a shimmering altar of Xom.
  3709 | D:6      | Found a burning altar of Makhleb.
  3835 | D:6      | Found a snail-covered altar of Cheibriados.
  3898 | D:6      | Found Wimus's Antique Weapon Emporium.
  4593 | D:7      | Reached skill level 10 in Axes
  4699 | D:7      | Found a glowing golden altar of the Shining One.
  4744 | D:7      | Found a radiant altar of Vehumet.
  4745 | D:7      | Found a deep blue altar of Sif Muna.
  4776 | D:7      | Found a sacrificial altar of Ru.
  4795 | D:7      | Reached XP level 9. HP: 81/81 MP: 8/8
  5481 | D:8      | Reached skill level 11 in Axes
  5656 | D:8      | Found a shadowy altar of Dithmenos.
  5657 | D:8      | Found an iron altar of Okawaru.
  5660 | D:8      | Found a glowing silver altar of Zin.
  5791 | D:8      | Found a burning altar of Makhleb.
  6105 | D:8      | Found a shattered altar of Ashenzari.
  6171 | D:8      | Found a sparkling altar of Nemelex Xobeh.
  6314 | D:8      | Found an ancient bone altar of Kikubaaqudgha.
  6396 | D:9      | Reached ***** piety under Trog
  6721 | D:9      | Reached skill level 12 in Axes
  6735 | D:9      | Reached XP level 10. HP: 33/91 MP: 9/9
  7290 | D:9      | Found a bloodstained altar of Trog.
  7434 | D:9      | Found a staircase to the Lair.
  7994 | Lair:1   | Entered Level 1 of the Lair of Beasts
  8107 | Lair:1   | Reached skill level 10 in Fighting
  8581 | Lair:1   | Reached skill level 10 in Armour
  8656 | Lair:1   | Reached skill level 13 in Axes
  9139 | Lair:1   | Noticed a four-headed hydra
  9146 | Lair:1   | Killed a four-headed hydra
  9188 | Lair:1   | Noticed edsrzf's ghost (novice TrHu)
  9201 | Lair:1   | Killed edsrzf's ghost
  9609 | Lair:1   | Reached skill level 14 in Axes
  9609 | Lair:1   | Reached XP level 11. HP: 92/101 MP: 10/10
  9804 | Lair:1   | Reached skill level 10 in Dodging
  9804 | Lair:1   | Reached XP level 12. HP: 108/108 MP: 11/11
 10753 | Lair:2   | Noticed a four-headed hydra
 10761 | Lair:2   | Killed a four-headed hydra
 11197 | Lair:2   | Noticed a four-headed hydra
 11215 | Lair:2   | Killed a four-headed hydra
 11930 | Lair:3   | Noticed a six-headed hydra
 11960 | Lair:3   | Killed a ten-headed hydra
 11964 | Lair:3   | Reached skill level 15 in Axes
 12153 | Lair:3   | Noticed a catoblepas
 12434 | Lair:3   | Killed a catoblepas
 12637 | Lair:3   | Gained mutation: You are partially covered in rough black scales (AC +4, Dex -1). [potion of beneficial mutation]
 12638 | Lair:3   | Gained mutation: You have supernaturally acute eyesight. [potion of beneficial mutation]
 12639 | Lair:3   | Gained mutation: You are somewhat resistant to further mutation. [potion of beneficial mutation]
 13448 | Lair:4   | Reached skill level 16 in Axes
 13649 | Lair:4   | Found a staircase to the Shoals.
 13761 | Lair:4   | Noticed a five-headed hydra
 13773 | Lair:4   | Killed a six-headed hydra
 14267 | Lair:4   | Noticed a five-headed hydra
 14296 | Lair:4   | Killed an eight-headed hydra
 14296 | Lair:4   | Reached XP level 13. HP: 49/118 MP: 12/12
 15255 | Lair:5   | Noticed Kirke
 15271 | Lair:4   | Killed Kirke
 15710 | Lair:5   | Reached skill level 17 in Axes
 17144 | Lair:6   | Found a staircase to the Snake Pit.
 17366 | Lair:7   | Reached skill level 18 in Axes
 17589 | Lair:7   | Received a gift from Trog
 17817 | Lair:7   | Found a viscous altar of Jiyva.
 17817 | Lair:7   | Found a staircase to the Slime Pits.
 17832 | Lair:7   | Reached XP level 14. HP: 125/129 MP: 13/13
 17870 | Lair:7   | Noticed Josephine
 17881 | Lair:7   | Killed Josephine
 18086 | Lair:7   | You fall through a shaft!
 18086 | Lair:8   | Entered Level 8 of the Lair of Beasts
 18526 | Lair:8   | Found a labyrinth entrance.
 18552 | Lair:8   | Received a gift from Trog
 19048 | Lair:8   | Got a wavering platinum ring
 19092 | Lair:7   | Identified the ring "Myraox" {*Drain MR+ Str+4} (You found it on level 8 of the Lair of Beasts)
 19307 | Lair:4   | Reached skill level 19 in Axes
 19728 | D:10     | Entered Level 10 of the Dungeon
 19893 | D:10     | Received a gift from Trog
 20206 | D:10     | Found a staircase to the Orcish Mines.
 20222 | D:10     | Got a brightly glowing silver amulet
 20319 | D:10     | Found a flagged portal.
 21032 | D:12     | Identified the amulet of the Firefly {rN+ Regen+} (You took it off an orc on level 10 of the Dungeon)
 21414 | D:12     | Received a gift from Trog
 21934 | D:13     | Reached skill level 1 in Unarmed Combat
 21934 | D:13     | Reached XP level 15. HP: 104/139 MP: 14/14
 21984 | D:13     | Found a gate to the Vaults.
 22363 | D:13     | Noticed Sonja
 23419 | D:15     | Entered Level 15 of the Dungeon
 23422 | D:15     | Noticed Rupert
 23432 | D:15     | Killed Rupert
 23432 | D:15     | Reached skill level 20 in Axes
 23510 | D:15     | Noticed Roxanne
 23655 | D:15     | Noticed Agnes
 23655 | D:15     | Reached skill level 15 in Fighting
 23661 | D:15     | Killed Agnes
 23666 | D:15     | Reached skill level 15 in Armour
 23998 | D:15     | Found a staircase to the Depths.
 25108 | Snake:1  | Entered Level 1 of the Snake Pit
 25108 | Snake:1  | Noticed Aizul
 25125 | Snake:1  | Killed Aizul
 25730 | Snake:1  | Noticed Louise
 25739 | Snake:1  | Killed Louise
 25952 | Snake:1  | Reached XP level 16. HP: 126/149 MP: 15/15
 26186 | Snake:1  | Received a gift from Trog
 26291 | Snake:1  | Reached skill level 21 in Axes
 26786 | Snake:2  | Noticed Vashnia
 26957 | Snake:2  | Killed Vashnia
 27333 | Snake:2  | Found Josecozi's Jewellery Emporium.
 27493 | Snake:2  | Bought a +3 ring of protection for 420 gold pieces
 27869 | Snake:2  | Received a gift from Trog
 29774 | Snake:3  | Reached skill level 22 in Axes
 29889 | Snake:3  | Reached XP level 17. HP: 159/159 MP: 16/16
 30103 | Snake:4  | Entered Level 4 of the Snake Pit
 30233 | Snake:4  | Found a radiant altar of Vehumet.
 30392 | Snake:4  | Received a gift from Trog
 30421 | Snake:4  | HP: 8/160 [naga sharpshooter/bolt (4)]
 30423 | Snake:4  | HP: 3/160 [poisoned by a greater naga (splash of poison)]
 30423 | Snake:4  | Shot with a bolt by a naga sharpshooter

Vault maps used:
D:1:      eino_arrival_water_star
D:2:      overflow_temple_1_default, minmay_hedge_maze,
          grunt_decor_mini_mirrors, uniq_crazy_yiuf_cottage, uniq_terence,
          uniq_sigmund
D:3:      first_bread
D:5:      minmay_temple_entry_mist, serial_shops, shop,
          nicolae_shop_behind_doors, uniq_duvessa
D:6:      lemuel_upstairs_altar, cheibriados_altar_wand_db, serial_shops, shop,
          basic_altar, bloody_makhleb
D:7:      kennysheep_mini, kennysheep_little_box,
          gammafunk_temple_overflow_statue
D:8:      kennysheep_blocky_hall, kennysheep_vampire_church,
          ashenzari_conservatory_becter, nicolae_overflow_quartered_altars,
          grunt_livestock, minmay_fountain_box, grunt_ministairs_10,
          nemelex_altar_shiori
D:9:      bloody_trog, lair_0_dummy
D:10:     erik_orc_1, enter_bailey_3
D:13:     grunt_vaults_entry_fortified, serial_glass, glass_columns_a,
          glass_columns_c, uniq_sonja
D:15:     hangedman_depths_entry_try_elsewhere_first, minmay_stone_trees_small,
          kennysheep_doodads, uniq_rupert, uniq_roxanne, uniq_agnes
Lair:1:   serial_bayou_shore_b
Lair:2:   minivault_19, serial_bayou_shore_a, grunt_megastairs_2
Lair:3:   lemuel_fruit_tree
Lair:4:   shoals_dummy_entry
Lair:5:   gammafunk_lair_bear_cave, wad_woods_river_04,
          kennysheep_basilisk_garden, uniq_kirke
Lair:6:   guppyfry_snake_entry_garden, columned_hall_lemuel
Lair:7:   slime_altar_1, grunt_megastairs_4, uniq_josephine
Lair:8:   minmay_lair_end_frog_pond, lab_entry_generic
Snake:1:  serial_bayou_pond_d, nicolae_snake_double_loop, st_stairs_7,
          serial_bayou_shore_b, uniq_louise, uniq_aizul
Snake:2:  serial_shops, shop, uniq_vashnia
Snake:4:  snake_pit, basic_altar

Action                   |  1- 3 |  4- 6 |  7- 9 | 10-12 | 13-15 | 16-18 || total
-------------------------+-------+-------+-------+-------+-------+-------++-------
Melee: Hand axe          |    80 |    83 |   252 |   348 |   250 |       ||  1013
       Battleaxe         |       |       |       |       |   824 |   402 ||  1226
Invok: Berserk           |     2 |     2 |     7 |     5 |    16 |    10 ||    42
       Trog's Hand       |       |       |     3 |     1 |    10 |     7 ||    21
       Brothers in Arms  |       |       |     1 |    10 |     7 |     3 ||    21
       Burn Spellbooks   |       |       |       |     2 |     4 |       ||     6
 Abil: Evoke Flight      |       |       |       |     1 |       |       ||     1
Evoke: Wand              |       |       |       |     2 |     3 |     6 ||    11
       Lamp of fire      |       |       |       |       |       |     1 ||     1
  Use: Scroll            |       |       |    16 |    10 |    17 |     6 ||    49
       Potion            |       |       |       |     4 |     1 |     4 ||     9
 Stab: Distracted        |       |       |     1 |       |       |     2 ||     3
  Eat: Chunk             |     2 |     7 |    15 |    26 |    36 |     2 ||    88
       Bread ration      |       |       |     1 |     2 |     5 |     3 ||    11
       Meat ration       |       |       |       |     2 |       |     4 ||     6
       Pizza             |       |       |       |       |     1 |       ||     1
